 Dungeon Crawl Stone Soup version 0.18-a0-1206-g2bec475 (webtiles) character file.

3432 Reinor the Destroyer (level 9, -3/48 HPs)
             Began as a Deep Elf Wizard on Feb 2, 2016.
             Was a Follower of Vehumet.
             Slain by a two-headed ogre
             ... wielding a +0 giant club
              (16 damage)
             ... on level 9 of the Dungeon.
             The game lasted 00:56:03 (9931 turns).

Reinor the Destroyer (Deep Elf Wizard)              Turns: 9931, Time: 00:56:04

Health: -3/48      AC: 13    Str:  4    XL:     9   Next: 77%
Magic:  1/23       EV: 14    Int: 27    God:    Vehumet [*.....]
Gold:   561        SH:  4    Dex: 13    Spells: 7 memorised, 10 levels left

rFire  . . .     SeeInvis +     u - +3 dagger (venom)
rCold  + . .     Gourm    .     n - +2 robe {rC+}
rNeg   . . .     Faith    .     (no shield)
rPois  +         Spirit   .     x - +0 mask of the Dragon {MR+ Slay+3 SInv}
rElec  .         Dismiss  .     s - +0 cloak
rCorr  .         Reflect  +     g - +0 pair of gloves
SustAt .         Harm     .     G - +0 pair of boots
MR     +....                    j - +4 amulet of reflection
Stlth  ++........               I - ring of poison resistance
                                B - +6 ring of protection

@: about to teleport, somewhat resistant to hostile enchantments, unstealthy
A: beak
a: Renounce Religion


You were on level 9 of the Dungeon.
You worshipped Vehumet.
Vehumet was aware of your devotion.
You were hungry.

You visited 2 branches of the dungeon, and saw 10 of its levels.

You collected 561 gold pieces.

Inventory:

Hand Weapons
 u - a +3 dagger of venom (weapon)
Missiles
 t - 21 poisoned needles
 F - 3 needles of paralysis
Armour
 g - a +0 pair of gloves (worn)
 n - a +2 robe of cold resistance (worn)
 s - a +0 cloak (worn)
 x - the +0 mask of the Dragon (worn) {MR+ Slay+3 SInv}
   (You found it on level 5 of the Dungeon)

   It affects your accuracy and damage with ranged weapons and melee attacks
   (+3).
   It affects your resistance to hostile enchantments.
   It lets you see invisible.
 G - a +0 pair of boots (worn)
Jewellery
 j - a +4 amulet of reflection (around neck)
 r - an uncursed amulet of the gourmand
 B - a +6 ring of protection (left hand)
 I - a ring of poison resistance (right hand)
Scrolls
 e - a scroll of brand weapon {unknown}
 h - a scroll of amnesia
 i - a scroll of recharging
 k - 6 scrolls of remove curse
 o - a scroll of blinking {unknown}
 q - a scroll of teleportation
 v - 2 scrolls of magic mapping {unknown}
 w - a scroll of fog {unknown}
 y - a scroll of summoning
 z - a scroll of enchant weapon
 A - 2 scrolls of enchant armour
 D - a scroll of noise
Potions
 a - a potion of heal wounds
 b - a potion of brilliance
 l - 2 potions of curing
 C - a potion of lignification
 H - a potion of cancellation
Books
 c - a book of Minor Magic

   Spells                             Type                      Level
   a - Magic Dart                     Conjuration                  1
   b - Blink                          Translocation                2
   c - Call Imp                       Summoning                    2
   d - Repel Missiles                 Charms/Air                   2
   e - Slow                           Hexes                        2
   f - Conjure Flame                  Conjuration/Fire             3
   g - Mephitic Cloud                 Conjuration/Poison/Air       3
Comestibles
 d - 6 bread rations
 m - 6 meat rations
 p - 5 beef jerkies


   Skills:
 - Level 2.1 Fighting
 - Level 5.0 Dodging
 - Level 2.4 Stealth
 + Level 8.0 Spellcasting
 + Level 10.4 Conjurations
 - Level 3.0 Charms
 - Level 5.0 Summonings
 - Level 3.0 Translocations
 + Level 4.7 Fire Magic


You had 10 spell levels left.
You knew the following spells:

 Your Spells              Type           Power        Failure   Level  Hunger
a - Magic Dart            Conj           ####         1%          1    None
b - Blink                 Tloc           N/A          1%          2    None
c - Repel Missiles        Chrm/Air       ###...       4%          2    None
d - Call Imp              Summ           #####...     1%          2    None
e - Mephitic Cloud        Conj/Pois/Air  ####....     4%          3    None
f - Conjure Flame         Conj/Fire      ######..     1%          3    None
g - Apportation           Tloc           ####......   1%          1    None


Dungeon Overview and Level Annotations

Branches:
Dungeon (9/15)             Temple (1/1) D:7
   Lair: D:8-11         Orc: D:9-12

Altars:
Ashenzari
Cheibriados
Dithmenos
Elyvilon
Fedhas
Nemelex Xobeh
Okawaru
Ru
Trog
Vehumet
Yredelemnul
Zin
The Shining One

Shops:
D:4 %

Annotations:
D:3 zoolka's ghost, amateur OpAs
D:6 2 scrolls = wall


Innate Abilities, Weirdness & Mutations

You have a beak for a mouth.


Message History

Confirm with . or Enter, or press ? or * to list all spells.
Okay, then.
Drink which item? (? for menu, Esc to quit)
Okay, then.
Read which item? (? for menu, Esc to quit)
As you read the scroll of teleportation, it crumbles to dust.
You feel strangely unstable.
The hill giant is engulfed in noxious fumes.
The hill giant hits you with a giant club!!
Casting: Mephitic Cloud
Confirm with . or Enter, or press ? or * to list all spells.
Okay, then.
Drink which item? (? for menu, Esc to quit)
Okay, then.
You block the two-headed ogre's attack. x2
The hill giant hits you with a giant club!
* * * LOW HITPOINT WARNING * * *
You block the two-headed ogre's attack.
The two-headed ogre hits you with a giant club!
You die...

.:... #.# .... #)#
... #.# #.# #.#
###
##..###.####..#
..#
#.........O...#
#.##
#.#..##.####.#
...# ##.##O# ...#
#C##@# ...#######
#..#C#
........##.###.#§#
....###.##.....§§#
...............§)#
###.###.######...#
# #..........#...#
# #####.####.#.#.#
# #.# #....#.#


You could see a hill giant and a two-headed ogre.

Vanquished Creatures
  A hungry ghost (D:8)
  Menkaure (D:5)
  Duvessa (D:4)
  A black bear (D:6)
  2 ice beasts
  An orc warrior (D:7)
  2 sky beasts
  3 ogres
  2 phantoms
  A centaur (D:7)
  A crocodile (D:7)
  A big kobold (D:8)
  3 giant frogs
  Dowan (D:4)
  2 scorpions
  4 wights (D:9)
  2 giant frog zombies (D:6)
  A crimson imp (D:8)
  6 jellies
  2 quasits (D:9)
  4 hounds
  Crazy Yiuf (D:4)
  2 giant frog skeletons
  An orc priest (D:9)
  Jessica (D:2)
  An iguana (D:8)
  2 orc wizards
  4 worker ants
  A killer bee zombie (D:6)
  2 hound skeletons
  A hound zombie (D:8)
  A worker ant zombie (D:7)
  3 gnolls (D:3)
  8 adders
  5 shadow imps
  3 worms
  5 giant geckos
  18 orcs
  9 bats
  3 giant cockroaches
  A goblin (D:1)
  5 hobgoblins
  12 jackals
  4 quokkas
  2 ball pythons
  4 giant newts
  15 kobolds
  A quokka skeleton (D:8)
  15 rats
172 creatures vanquished.

Vanquished Creatures (collateral kills)
  Prince Ribbit (D:5)
  A hungry ghost (D:9)
  An ice beast (D:5)
  Purgy (D:4)
  A wyvern skeleton (D:6)
  A worker ant (D:5)
  A gnoll (D:3)
  A giant newt (D:5)
8 creatures vanquished.

Grand Total: 180 creatures vanquished

Notes
Turn   | Place    | Note
--------------------------------------------------------------
     0 | D:1      | Reinor the Deep Elf Wizard began the quest for the Orb.
     0 | D:1      | Reached XP level 1. HP: 10/10 MP: 7/7
   195 | D:1      | Reached XP level 2. HP: 4/15 MP: 0/9
   199 | D:1      | Learned a level 2 spell: Blink
   202 | D:1      | Learned a level 2 spell: Repel Missiles
   205 | D:1      | Learned a level 2 spell: Call Imp
   545 | D:1      | Reached skill level 5 in Spellcasting
  1183 | D:1      | Reached XP level 3. HP: 19/19 MP: 7/11
  1191 | D:1      | Learned a level 3 spell: Mephitic Cloud
  1241 | D:2      | Noticed Jessica
  1456 | D:2      | Learned a level 3 spell: Conjure Flame
  1494 | D:2      | Killed Jessica
  1516 | D:2      | Reached skill level 6 in Spellcasting
  1870 | D:2      | Reached XP level 4. HP: 24/24 MP: 9/14
  2695 | D:3      | Reached XP level 5. HP: 21/28 MP: 8/15
  2817 | D:3      | Noticed zoolka's ghost (amateur OpAs)
  2904 | D:3      | Found a shadowy altar of Dithmenos.
  3245 | D:4      | Noticed Duvessa
  3245 | D:4      | Noticed Dowan
  3379 | D:4      | Noticed a phantom
  3415 | D:4      | Killed a phantom
  3415 | D:4      | Reached XP level 6. HP: 24/32 MP: 0/17
  3595 | D:4      | Reached skill level 5 in Conjurations
  3805 | D:4      | Killed Dowan
  3879 | D:4      | Killed Duvessa
  3879 | D:4      | Reached XP level 7. HP: 36/36 MP: 0/18
  4069 | D:4      | Noticed Crazy Yiuf
  4264 | D:4      | Killed Crazy Yiuf
  4351 | D:4      | Found Fosm's Food Emporium.
  4525 | D:4      | Noticed Purgy
  4539 | D:4      | Killed Purgy
  4597 | D:5      | Entered Level 5 of the Dungeon
  4807 | D:5      | Found a snail-covered altar of Cheibriados.
  4810 | D:5      | Noticed Menkaure
  4830 | D:5      | Killed Menkaure
  4830 | D:5      | Reached skill level 5 in Summonings
  5196 | D:5      | Noticed Prince Ribbit
  5233 | D:5      | Killed Prince Ribbit
  5324 | D:5      | Reached skill level 7 in Conjurations
  5324 | D:5      | Reached XP level 8. HP: 37/41 MP: 13/19
  5574 | D:5      | Gained mutation: Your spells are a little easier to cast, but a little less powerful. [mutagenic meat]
  5575 | D:5      | Gained mutation: You are weak. (Str -2) [mutagenic meat]
  5577 | D:5      | Gained mutation: You are partially covered in icy blue scales (AC +1). [mutagenic meat]
  5722 | D:6      | Reached skill level 5 in Dodging
  5735 | D:6      | Reached skill level 1 in Charms
  6213 | D:6      | Found a glowing drain.
  6282 | D:6      | Gained mutation: You have a beak for a mouth. [potion of beneficial mutation]
  6339 | D:6      | Reached skill level 8 in Conjurations
  6525 | D:6      | Found a glowing silver altar of Zin.
  7200 | D:7      | Reached XP level 9. HP: 45/45 MP: 1/23
  7449 | D:7      | Lost mutation: Your spells are a little easier to cast, but a little less powerful. [potion of cure mutation]
  7449 | D:7      | Lost mutation: You are weak. (Str -2) [potion of cure mutation]
  7449 | D:7      | Lost mutation: You are partially covered in icy blue scales (AC +1). [potion of cure mutation]
  7496 | D:7      | Reached skill level 1 in Fighting
  7496 | D:7      | Reached skill level 9 in Conjurations
  7608 | D:7      | Learned a level 1 spell: Apportation
  7675 | D:7      | Found a staircase to the Ecumenical Temple.
  7681 | Temple   | Entered the Ecumenical Temple
  7694 | Temple   | Became a worshipper of Vehumet
  8281 | D:8      | Reached skill level 1 in Fire Magic
  8590 | D:8      | Found an iron altar of Okawaru.
  8846 | D:8      | Found a basalt altar of Yredelemnul.
  8902 | D:8      | Found a white marble altar of Elyvilon.
  8945 | D:9      | Reached * piety under Vehumet
  8945 | D:9      | Offered knowledge of Sandblast by Vehumet.
  9028 | D:9      | Reached skill level 10 in Conjurations
  9838 | D:9      | Noticed a hill giant
  9931 | D:9      | Slain by a two-headed ogre

Vault maps used:
D:1:      dpeg_arrival_round_a, minmay_misc_feat_four_crosses,
          minmay_misc_feat_doors, hangedman_decor_opposing, st_stairs_9,
          minmay_misc_feat_tower
D:2:      uniq_jessica
D:3:      nicolae_dithmenos_through_a_glass_darkly, first_bread
D:4:      kennysheep_small_square, uniq_purgy, uniq_crazy_yiuf_cottage,
          uniq_duvessa
D:5:      kennysheep_mini_moat, kennysheep_boxes, uniq_prince_ribbit1,
          uniq_menkaure
D:6:      zin_scriptorium, serial_co_window_serial, co_window_paths_a,
          co_window_paths_a, co_window_paths_a, co_window_of_opportunity_a,
          co_window_of_opportunity_a, co_window_of_opportunity_a,
          co_window_of_opportunity_a, co_window_2corner,
          co_window_of_opportunity_b, co_window_corner_b, co_window_2corner,
          co_window_paths_c, co_window_paths_c, co_window_sun, glass_columns_c,
          glass_columns_b, glass_columns_b, glass_columns_a, glass_columns_b,
          portal_sewer_entry_a
D:7:      minmay_temple_entry_fiery, feat_on_display
D:8:      kennysheep_ying_yang, okawaru_metal_pillars_3
Temple:   water_room_temple_a_12

Action                   |  1- 3 |  4- 6 |  7- 9 || total
-------------------------+-------+-------+-------++-------
Melee: Unarmed           |    19 |    29 |       ||    48
       Dagger            |       |       |    27 ||    27
 Cast: Magic Dart        |    95 |   128 |   497 ||   720
       Mephitic Cloud    |     1 |     6 |    17 ||    24
       Call Imp          |       |    11 |    21 ||    32
       Blink             |       |     2 |     4 ||     6
       Conjure Flame     |       |     1 |    14 ||    15
       Repel Missiles    |       |       |     1 ||     1
  Use: Scroll            |       |     3 |     9 ||    12
       Potion            |       |       |    10 ||    10
  Eat: Chunk             |     2 |     6 |    21 ||    29
       Fruit             |       |       |     3 ||     3
       Pizza             |       |       |     1 ||     1
